Map: Year Zero LE

Players

Clem - Winner!

  • Race: Terran Terran
  • Spawn Location: 1:00

Snute

  • Race: Zerg Zerg
  • Spawn Location: 11:00

Event: IEM Season 13: Katowice (2019)

VOD

Have the link to the VOD?

Description

Time

  • Played on: Feb. 25, 2019, 8:36 a.m.
  • Length: 13:52

All games in this series

Show
View Real Time Build Order
Export as new Build Order

Clem Terran - Winner!

Build Orders: Liberator Opening, Reaper Expand 

Get SALT Encoding   

  12  0:00  SCV  
  13  0:13  SCV  
  14  0:17  Supply Depot  
  14  0:25  SCV  
  15  0:39  SCV  
  15  0:40  Barracks  
  16  0:45  Refinery  
  16  0:51  SCV  
  17  1:03  SCV  
  18  1:15  SCV  
  19  1:27  Reaper, Orbital Command  
  20  1:41  Command Center  
  20  1:51  Supply Depot  
  20  1:53  SCV  
  21  1:58  Marine  
  22  2:06  Factory  
  22  2:09  SCV  
  23  2:15  Refinery  
  23  2:18  Marine  
  23  2:21  SCV  
  25  2:33  SCV  
  26  2:37  Barracks Reactor  
  26  2:46  SCV  
  27  2:52  Starport  
  27  2:54  Orbital Command  
  27  2:55  Hellion  
  29  2:58  SCV  
  30  3:10  SCV  
  30  3:11  Supply Depot  
  31  3:17  Factory Tech Lab, Marine x2  
  33  3:21  SCV  
  33  3:22  SCV  
  35  3:31  Medivac  
  35  3:33  SCV  
  38  3:34  Supply Depot  
  38  3:37  SCV  
  38  3:39  Marine  
  43  3:42  Marine  
  43  3:46  SCV  
  42  3:49  SCV  
  42  3:52  Liberator  
  43  3:58  SCV, Supply Depot  
  44  4:04  SCV, Hellion x2  
  52  4:10  Marine  
  52  4:11  Stimpack, SCV  
  52  4:16  SCV  
  55  4:23  Command Center  
  55  4:28  Hellion  
  55  4:29  Hellion  
  55  4:30  SCV  
  60  4:35  Marine  
  61  4:40  SCV  
  61  4:43  SCV  
  63  4:52  SCV  
  64  4:53  Marine  
  64  4:55  SCV  
  64  4:57  Starport Reactor  
  65  5:00  Barracks  
  65  5:01  Barracks  
  65  5:03  Engineering Bay x2, Supply Depot  
  65  5:04  Factory Reactor, SCV  
  66  5:11  SCV, Marine  
  68  5:16  SCV  
  63  5:23  Refinery, SCV  
  63  5:24  Refinery  
  64  5:28  SCV  
  64  5:29  Marine  
  64  5:32  Terran Infantry Armor Level 1  
  64  5:33  Terran Infantry Weapons Level 1  
  66  5:36  Orbital Command  
  66  5:38  SCV  
  66  5:40  SCV  
  65  5:47  Marine  
  63  5:50  SCV  
  63  5:52  Marine x2  
  63  5:53  SCV  
  59  5:57  Barracks  
  59  5:59  Barracks, Factory Tech Lab  
  59  6:00  Orbital Command, Marine x2  
  59  6:01  Medivac x2  
  59  6:02  SCV  
  66  6:04  Marine  
  66  6:06  Armory  
  66  6:10  Marine x2  
  69  6:13  SCV  
  69  6:15  SCV  
  69  6:18  Siege Tank, Marine x2  
  76  6:22  Marine  
  77  6:27  SCV  
  77  6:28  SCV x2, Marine x2  
  77  6:29  Supply Depot  
  77  6:30  Combat Shield  
  82  6:39  Marine x2  
  84  6:40  SCV x2, Marine  
  84  6:42  Supply Depot  
  84  6:43  Medivac x2  
  84  6:46  Marine  
  92  6:47  Barracks Reactor x2  
  92  6:48  Marine  
  92  6:51  SCV  
  92  6:52  SCV x2  
  96  6:56  Supply Depot  
  96  6:57  Marine  
  96  6:58  Marine  
  98  7:02  Siege Tank  
  98  7:04  Refinery  
  98  7:06  Refinery  
  98  7:08  Factory  
  101  7:09  Marine x2, SCV x3, Supply Depot  
  101  7:13  Supply Depot  
  106  7:16  Marine  
  106  7:20  Marine  
  106  7:21  Marine  
  109  7:24  Marine x3  
  109  7:26  SCV  
  109  7:27  SCV, Marine  
  109  7:28  Terran Infantry Weapons Level 2  
  109  7:29  Marine x2  
  117  7:33  SCV  
  117  7:34  Marine  
  119  7:37  Terran Infantry Armor Level 2  
  119  7:38  Marine x2  
  119  7:39  SCV  
  119  7:42  Terran Vehicle Weapons Level 1, Marine  
  123  7:45  Marine x3  
  123  7:47  Marine  
  123  7:48  Supply Depot  
  127  7:52  Factory Tech Lab  
  127  7:54  Supply Depot  
  127  7:59  Command Center  
  127  8:04  Marine x4, Supply Depot  
  131  8:05  Marine  
  131  8:09  Siege Tank  
  127  8:14  Medivac x2  
  127  8:16  Siege Tank, Marine  
  131  8:21  Marine x2  
  131  8:22  Marine x3  
  131  8:24  Marine x2  
  131  8:25  Marine  
  137  8:33  Supply Depot  
  137  8:34  Marine  
  137  8:39  Marine x2  
  140  8:41  Siege Tank  
  140  8:42  Marine  
  140  8:44  Marine x2  
  140  8:45  Marine x2  
  140  8:46  Supply Depot  
  148  8:48  Supply Depot  
  148  8:55  Siege Tank  
  148  8:56  Medivac x2  
  148  8:58  Marine x2  
  148  8:59  Supply Depot, Marine x2  
  156  9:05  Marine  
  154  9:11  Marine x4  
  154  9:12  Supply Depot  
  154  9:16  Marine  
  159  9:18  SCV x2  
  159  9:20  Marine  
  159  9:21  Marauder  
  164  9:26  Medivac x2, Marine x2  
  164  9:29  Marine  
  171  9:31  Siege Tank  
  171  9:35  Marine x2  
  171  9:36  Marine  
  177  9:39  Marine  
  174  9:48  Planetary Fortress, Missile Turret  
  174  9:49  Missile Turret  
  174  9:51  Missile Turret x2  
  174  9:52  Marine x2  
  176  10:02  Terran Infantry Weapons Level 3  
  176  10:04  Siege Tank  
  168  10:14  Terran Infantry Armor Level 3, Marine x3  
  168  10:15  Marine x3  
  168  10:17  Siege Tank  
  168  10:19  Marine  
  164  10:28  Marine x2  
  164  10:32  Marine x2  
  164  10:33  Marine x2  
  170  10:36  Thor  
  170  10:38  Marine x2  
  170  10:40  Medivac  
  174  10:48  Marine x2  
  174  10:49  Siege Tank, Marine  
  167  10:50  Terran Vehicle Weapons Level 2, Marine x3  
  167  10:51  Marine  
  159  11:08  Medivac, Marine x7  
  159  11:10  Medivac  
  154  11:13  Barracks x2  
  154  11:14  Barracks  
  154  11:17  Marine x2  
  154  11:23  Command Center  
  154  11:26  Marine  
  154  11:30  Thor  
  154  11:32  Siege Tank  
  164  11:34  Marine x2  
  164  11:35  Marine  
  161  11:48  Marine x3  
  161  11:49  Marine x2  
  161  11:50  Marauder  
  161  11:54  Medivac  
  168  11:57  Marine x3  
  170  12:02  Refinery  
  170  12:03  Refinery  
  170  12:04  Siege Tank  
  170  12:05  Missile Turret  
  170  12:06  Marine x2  
  175  12:11  Marauder  
  175  12:12  Barracks Tech Lab x2, Marine x3  
  175  12:13  Siege Tank, Barracks Reactor  
  175  12:15  Marine x2  
  182  12:22  Marine  
  182  12:23  Marine  
  182  12:24  Marine  
  182  12:28  SCV x2  
  182  12:29  Marine x2  
  181  12:30  SCV x2, Marine  
  181  12:32  Marauder  
  181  12:35  Missile Turret  
  187  12:41  Marine  
  187  12:42  Missile Turret  
  182  12:44  Siege Tank  
  182  12:49  Medivac x2  
  189  12:56  Marine x3  
  189  12:57  Marauder x2, Marine  
  197  12:59  Marine x2  
  197  13:00  Marine  
  197  13:03  Siege Tank  
  197  13:04  Marine  
  200  13:24  Missile Turret x2  
  199  13:28  Marine x2  
  199  13:30  Marine x2  
Show
View Real Time Build Order
Export as new Build Order

Snute Zerg 

Build Orders: Pool First, Muta Ling Bane 

Get SALT Encoding   

  12  0:00  Drone  
  13  0:13  Overlord  
  13  0:17  Drone  
  14  0:31  Drone x2  
  14  0:34  Drone  
  17  0:45  Spawning Pool  
  17  0:49  Drone  
  17  1:09  Hatchery  
  16  1:11  Drone  
  16  1:15  Drone  
  18  1:20  Extractor, Drone  
  18  1:31  Queen  
  20  1:34  Zergling x2  
  21  1:40  Overlord  
  21  1:50  Drone  
  22  2:00  Drone  
  23  2:07  Queen  
  25  2:13  Drone  
  26  2:20  Queen  
  26  2:21  Metabolic Boost  
  28  2:24  Drone x2  
  30  2:31  Drone  
  30  2:32  Overlord  
  31  2:38  Drone  
  31  2:40  Drone  
  31  2:41  Drone  
  31  2:43  Drone  
  35  2:45  Drone  
  36  2:52  Queen  
  36  2:54  Drone  
  36  2:56  Drone  
  40  3:05  Overlord  
  40  3:11  Drone x2  
  44  3:16  Drone  
  44  3:17  Overlord, Drone  
  44  3:24  Zergling x4  
  46  3:29  Drone  
  46  3:30  Drone  
  48  3:36  Hatchery  
  48  3:37  Drone x2  
  48  3:40  Drone  
  50  3:43  Queen  
  50  3:47  Extractor  
  51  3:50  Zergling x4  
  51  3:51  Drone x3  
  56  3:56  Overlord  
  56  4:01  Overlord  
  56  4:02  Overlord, Drone  
  57  4:04  Drone  
  58  4:12  Overlord  
  58  4:16  Zergling x2, Baneling Nest  
  58  4:17  Spore Crawler  
  58  4:18  Queen  
  58  4:22  Zergling x2  
  60  4:24  Zergling x2  
  60  4:27  Queen  
  60  4:30  Zergling x4  
  65  4:33  Zergling x2  
  65  4:37  Zergling x2  
  67  4:44  Drone x4  
  65  4:53  Drone  
  65  4:56  Drone  
  65  4:57  Drone  
  66  5:00  Drone x4  
  66  5:06  Lair  
  70  5:08  Overlord  
  70  5:09  Drone  
  70  5:11  Drone  
  70  5:13  Drone  
  73  5:22  Zergling x2  
  73  5:23  Zergling x2  
  73  5:29  Zergling x2  
  73  5:30  Zergling x8  
  73  5:33  Drone x3  
  80  5:36  Drone x5  
  78  5:53  Drone x4  
  78  5:55  Drone  
  79  5:58  Drone x2  
  79  6:00  Evolution Chamber x2  
  79  6:02  Hatchery  
  79  6:03  Drone x3  
  79  6:04  Centrifical Hooks  
  81  6:05  Extractor, Drone x3  
  81  6:08  Extractor  
  81  6:10  Drone x4  
  86  6:15  Drone x2  
  88  6:18  Drone  
  88  6:23  Extractor, Drone  
  88  6:24  Extractor  
  88  6:25  Zerg Ground Armor Level 1  
  88  6:30  Zerg Melee Weapons Level 1  
  88  6:34  Zergling x12  
  88  6:38  Hatchery  
  93  6:43  Zergling x2  
  93  6:44  Zergling x6  
  97  6:50  Zergling x2  
  97  6:51  Overlord  
  97  6:52  Overlord x2  
  98  7:05  Overlord  
  98  7:07  Spore Crawler, Baneling x10  
  98  7:08  Baneling x2  
  96  7:09  Zergling x8  
  96  7:12  Zergling x8  
  96  7:13  Zergling x2  
  96  7:14  Queen x2  
  109  7:16  Zergling x6  
  108  7:24  Queen x2  
  108  7:29  Drone  
  110  7:30  Drone x5  
  110  7:31  Drone  
  110  7:35  Drone  
  110  7:36  Drone x3  
  120  7:47  Zergling x16  
  120  7:49  Baneling  
  128  7:52  Spire  
  125  7:59  Zergling x16  
  132  8:16  Zergling x8  
  132  8:17  Overlord x4  
  131  8:21  Zerg Ground Armor Level 2  
  131  8:25  Zerg Melee Weapons Level 2  
  131  8:30  Infestation Pit  
  131  8:31  Baneling x3  
  131  8:32  Baneling  
  128  8:34  Baneling  
  128  8:35  Baneling x4  
  128  8:36  Zergling x24  
  140  8:44  Zergling x16  
  147  8:57  Zergling x26  
  147  8:59  Overlord  
  157  9:06  Zerg Flyer Weapons Level 1  
  157  9:07  Hive  
  157  9:08  Mutalisk  
  156  9:12  Spore Crawler  
  156  9:13  Mutalisk x2  
  156  9:15  Overlord  
  156  9:16  Overlord  
  159  9:17  Baneling x3  
  159  9:18  Baneling  
  159  9:19  Baneling  
  159  9:22  Mutalisk x2  
  163  9:25  Mutalisk  
  163  9:26  Mutalisk  
  167  9:35  Mutalisk  
  167  9:36  Mutalisk x4  
  177  9:39  Baneling x5  
  177  9:45  Mutalisk  
  177  9:50  Zergling x6  
  177  9:51  Zergling x14  
  187  10:01  Baneling x10  
  187  10:02  Baneling  
  187  10:13  Zergling x32  
  187  10:14  Zergling x2  
  177  10:15  Baneling  
  177  10:16  Baneling x3  
  175  10:28  Zergling x22  
  162  10:29  Zergling x2  
  162  10:33  Baneling x6  
  162  10:34  Baneling x2  
  170  10:40  Zergling x12  
  168  10:47  Zergling x14  
  148  10:51  Mutalisk x2  
  148  10:57  Zergling x10  
  147  11:04  Zergling x14  
  147  11:07  Zerg Flyer Weapons Level 2  
  147  11:11  Mutalisk x2  
  150  11:17  Zergling x2  
  150  11:18  Zergling x4  
  152  11:22  Baneling  
  152  11:23  Baneling x15  
  152  11:29  Zergling x10  
  157  11:35  Baneling  
  157  11:36  Baneling x9  
  157  11:38  Zergling x4  
  157  11:39  Zergling x2  
  151  11:48  Zergling x2  
  151  11:49  Zergling x16  
  151  11:52  Baneling x5  
  151  11:53  Baneling  
  158  11:54  Zergling x2  
  158  11:55  Zergling x2  
  160  12:11  Ultralisk Cavern, Hatchery  
  151  12:16  Zergling x20  
  157  12:27  Baneling x13  
  157  12:28  Baneling x6  
  151  12:37  Mutalisk  
  151  12:38  Mutalisk  
  151  12:43  Zergling x20  
  163  12:56  Zergling x2  
  163  12:57  Zergling x22  
  162  13:25  Hatchery  

Tags
 
Add a new tag
Caveats
  • Supply blocks, unpowered buildings, or Contaminate may cause inaccurate times.
  • Supply counts are checked every 10 seconds.